PCL
FRESNO GRIZZLIES @ TACOMA RAINIERS
07/28/2098
 
TOP OF THE 1ST
Fresno Grizzlies batting - Pitching for Tacoma Rainiers : RHP Felix Caraveo
Pitching: RHP Felix Caraveo
Batting: RHB Bret Payne 0-0: Ball
1-0: Called Strike
1-1: Foul Ball, location: 9LMF
1-2: Foul Ball, location: 2F
1-2: Ball
2-2: Ground out 6-3 (Groundball, 6, EV 90.6 MPH)
Batting: RHB Del Bannerman 0-0: Foul Ball, location: 9LSF
0-1: Ball
1-1: Swinging Strike
1-2: Ball
2-2: Fly out, F4 (Popup, 4, EV 66.9 MPH)
Batting: SHB Aaron Bussell 0-0: Called Strike
0-1: Foul Ball, location: 25F
0-2: Foul Ball, location: 23FF
0-2: Strikes out swinging
Top of the 1st over - 0 runs, 0 hits, 0 errors, 0 left on base; Fresno 0 - Tacoma 0
BOTTOM OF THE 1ST
Tacoma Rainiers batting - Pitching for Fresno Grizzlies : LHP Ray Korte
Pitching: LHP Ray Korte
Batting: LHB Ben Foster 0-0: Foul Ball, location: 2F
0-1: Ball
1-1: Foul Ball, location: 3FF
1-2: Ball
2-2: SINGLE (Line Drive, 9S, EV 99.4 MPH)
Batting: RHB Alan Burdett 0-0: Ball
1-0: Foul Ball, location: 2F
1-1: Swinging Strike
1-2: Strikes out swinging
Batting: LHB Matt Hicks 0-0: Called Strike
0-1: Foul Ball, location: 3F
0-2: Foul Ball, location: 2F
0-2: Fly out, F9 (Flyball, 89M, EV 95.6 MPH)
Batting: RHB Dan Shell 0-0: Called Strike
0-1: Fielders Choice at 2nd, 5-4 (Groundball, 5, EV 100.6 MPH)
Bottom of the 1st over - 0 runs, 1 hit, 0 errors, 1 left on base; Fresno 0 - Tacoma 0
TOP OF THE 2ND
Fresno Grizzlies batting - Pitching for Tacoma Rainiers : RHP Felix Caraveo
Batting: RHB Justin Haug 0-0: Ball
1-0: Fly out, F7 (Flyball, 7, EV 86.3 MPH)
Batting: RHB Aaron McNelley 0-0: Ball
1-0: Ball
2-0: Ball
3-0: Called Strike
3-1: Base on Balls
Batting: RHB Tony Tenesaca 0-0: Grounds into double play, 6-4-3 (Groundball, 6, EV 103.1 MPH)
Top of the 2nd over - 0 runs, 0 hits, 0 errors, 0 left on base; Fresno 0 - Tacoma 0
BOTTOM OF THE 2ND
Tacoma Rainiers batting - Pitching for Fresno Grizzlies : LHP Ray Korte
Batting: LHB Sean Jensen 0-0: Ball
1-0: SINGLE (Line Drive, 8LS, EV 106.9 MPH)
Batting: RHB Ron Stephenson 0-0: Ball
1-0: Ball
2-0: Ball
3-0: Base on Balls
Sean Jensen to second
Batting: RHB Danny Dominguez 0-0: Ball
1-0: Ball
2-0: Called Strike
2-1: Foul Ball, location: 7LDF
2-2: Foul Ball, location: 25F
2-2: Strikes out swinging
Batting: RHB Matt Spindle 0-0: Swinging Strike
0-1: Foul Ball, location: 2F
0-2: Strikes out swinging
Batting: LHB Juan Valdez 0-0: Called Strike
0-1: Swinging Strike
0-2: Ball
1-2: Foul Ball, location: 2F
1-2: Strikes out looking
Bottom of the 2nd over - 0 runs, 1 hit, 0 errors, 2 left on base; Fresno 0 - Tacoma 0
TOP OF THE 3RD
Fresno Grizzlies batting - Pitching for Tacoma Rainiers : RHP Felix Caraveo
Batting: RHB Dan Shannon 0-0: Ball
1-0: Ball
2-0: DOUBLE (Flyball, 8RXD, EV 108.1 MPH)
Batting: RHB Chase Bavaro 0-0: Called Strike
0-1: Foul Ball, location: 2F
0-2: Ball
1-2: Fly out, F8 (Flyball, 8LM, EV 80.6 MPH)
Batting: RHB Michael Harrison 0-0: Ball
1-0: Swinging Strike
1-1: Ball
2-1: Ground out 6-3 (Groundball, 6S, EV 81.9 MPH)
Dan Shannon to third
Batting: RHB Bret Payne 0-0: Ground out U3 (Groundball, 34, EV 90.0 MPH)
Top of the 3rd over - 0 runs, 1 hit, 0 errors, 1 left on base; Fresno 0 - Tacoma 0
BOTTOM OF THE 3RD
Tacoma Rainiers batting - Pitching for Fresno Grizzlies : LHP Ray Korte
Batting: LHB Ben Foster 0-0: Swinging Strike
0-1: Called Strike
0-2: Fly out, F5 (Popup, 56, EV 77.5 MPH)
Batting: RHB Alan Burdett 0-0: Ball
1-0: Ball
2-0: Called Strike
2-1: Ball
3-1: Ground out 4-3 (Groundball, 4, EV 100.6 MPH)
Batting: LHB Matt Hicks 0-0: Ball
1-0: DOUBLE (Line Drive, 89M, EV 88.8 MPH)
Batting: RHB Dan Shell 0-0: Called Strike
0-1: Foul Ball, location: 2F
0-2: Ball
1-2: Ball
2-2: Ball
3-2: Base on Balls
Batting: LHB Sean Jensen 0-0: Called Strike
0-1: Ball
1-1: Swinging Strike
1-2: SINGLE (Groundball, 4D, EV 104.4 MPH)
Matt Hicks to third
Dan Shell to second
Runner from 3rd tries for Home, SAFE, throw by CF to home
Batting: RHB Ron Stephenson 0-0: Ball
1-0: Called Strike
1-1: Ball
2-1: Ball
3-1: Foul Ball, location: 25F
3-2: Foul Ball, location: 2F
3-2: Base on Balls
Dan Shell to third
Sean Jensen to second
Batting: RHB Danny Dominguez 0-0: Called Strike
0-1: Ball
1-1: SINGLE (Line Drive, 78S, EV 107.5 MPH)
Dan Shell scores
Sean Jensen to third
Ron Stephenson to second
Runner from 3rd tries for Home, SAFE, throw by LF to home
Batting: RHB Matt Spindle 0-0: Ball
1-0: DOUBLE (Groundball, 5L, EV 108.1 MPH)
Ron Stephenson scores
Danny Dominguez to third
Pinch Runner at 2nd Vince Townsend:
Batting: LHB Juan Valdez 0-0: Swinging Strike
0-1: Ball
1-1: 3-RUN HOME RUN (Flyball, 9LD, EV 90.0 MPH), Distance : 342 ft
Pitching: RHP Mike Hagerman
Batting: LHB Ben Foster 0-0: Called Strike
0-1: Ball
1-1: Fly out, F5 (Popup, 5, EV 73.8 MPH)
Bottom of the 3rd over - 7 runs, 5 hits, 0 errors, 0 left on base; Fresno 0 - Tacoma 7
TOP OF THE 4TH
Fresno Grizzlies batting - Pitching for Tacoma Rainiers : RHP Felix Caraveo
Now at 2B: Alan Burdett
Now at SS: Vince Townsend
Batting: RHB Del Bannerman 0-0: Called Strike
0-1: Ball
1-1: Called Strike
1-2: Ball
2-2: Strikes out swinging
Batting: SHB Aaron Bussell 0-0: Called Strike
0-1: Ground out 6-3 (Groundball, 6, EV 83.8 MPH)
Batting: RHB Justin Haug 0-0: Ball
1-0: Swinging Strike
1-1: Called Strike
1-2: Ball
2-2: Ball
3-2: Fly out, F9 (Flyball, 9, EV 95.0 MPH)
Top of the 4th over - 0 runs, 0 hits, 0 errors, 0 left on base; Fresno 0 - Tacoma 7
BOTTOM OF THE 4TH
Tacoma Rainiers batting - Pitching for Fresno Grizzlies : RHP Mike Hagerman
Batting: RHB Alan Burdett 0-0: Ball
1-0: Foul Ball, location: 2F
1-1: Swinging Strike
1-2: Foul Ball, location: 2F
1-2: Ball
2-2: Ground out 6-3 (Groundball, 6, EV 99.4 MPH)
Batting: LHB Matt Hicks 0-0: Called Strike
0-1: Swinging Strike
0-2: Ball
1-2: Ball
2-2: Strikes out swinging
Batting: RHB Dan Shell 0-0: Called Strike
0-1: Foul Ball, location: 3F
0-2: Ball
1-2: Strikes out looking
Bottom of the 4th over - 0 runs, 0 hits, 0 errors, 0 left on base; Fresno 0 - Tacoma 7
TOP OF THE 5TH
Fresno Grizzlies batting - Pitching for Tacoma Rainiers : RHP Felix Caraveo
Batting: RHB Aaron McNelley 0-0: Ball
1-0: Ground out 3-1 (Groundball, 34, EV 100.6 MPH)
Batting: RHB Tony Tenesaca 0-0: Foul Ball, location: 2F
0-1: Ball
1-1: Ball
2-1: Ball
3-1: Base on Balls
Batting: RHB Dan Shannon 0-0: Grounds into double play, 6-4-3 (Groundball, 6, EV 84.4 MPH)
Top of the 5th over - 0 runs, 0 hits, 0 errors, 0 left on base; Fresno 0 - Tacoma 7
BOTTOM OF THE 5TH
Tacoma Rainiers batting - Pitching for Fresno Grizzlies : RHP Mike Hagerman
Batting: LHB Sean Jensen 0-0: Called Strike
0-1: Ball
1-1: Ball
2-1: Ball
3-1: Foul Ball, location: 2F
3-2: Fly out, F7 (Flyball, 7D, EV 88.1 MPH)
Batting: RHB Ron Stephenson 0-0: SINGLE (Flyball, 5D, EV 90.6 MPH)
Batting: RHB Danny Dominguez 0-0: Ball
1-0: Swinging Strike
1-1: Foul Ball, location: 2F
1-2: Ball
2-2: Foul Ball, location: 2F
2-2: Strikes out swinging
Batting: RHB Vince Townsend 0-0: Called Strike
0-1: Called Strike
0-2: Fly out, F8 (Flyball, 89M, EV 91.9 MPH)
Bottom of the 5th over - 0 runs, 1 hit, 0 errors, 1 left on base; Fresno 0 - Tacoma 7
TOP OF THE 6TH
Fresno Grizzlies batting - Pitching for Tacoma Rainiers : RHP Felix Caraveo
Batting: RHB Chase Bavaro 0-0: Ground out 4-3 (Groundball, 4S, EV 87.5 MPH)
Batting: RHB Michael Harrison 0-0: Called Strike
0-1: Foul Ball, location: 2F
0-2: Ball
1-2: Strikes out swinging
Batting: RHB Bret Payne 0-0: Called Strike
0-1: Ball
1-1: Swinging Strike
1-2: Ball
2-2: Strikes out swinging
Top of the 6th over - 0 runs, 0 hits, 0 errors, 0 left on base; Fresno 0 - Tacoma 7
BOTTOM OF THE 6TH
Tacoma Rainiers batting - Pitching for Fresno Grizzlies : RHP Mike Hagerman
Batting: LHB Juan Valdez 0-0: Foul Ball, location: 5SF
0-1: Ball
1-1: Ball
2-1: Ball
3-1: Called Strike
3-2: SINGLE (Line Drive, 6D, EV 72.5 MPH)
Batting: LHB Ben Foster 0-0: Ball
1-0: Foul Ball, location: 2F
1-1: Foul Ball, location: 7LDF
1-2: Fly out, F5 (Popup, 5L, EV 53.8 MPH)
Batting: RHB Alan Burdett 0-0: Swinging Strike
0-1: Fly out, F4 (Line Drive, 4, EV 66.9 MPH)
Batting: LHB Matt Hicks 0-0: Foul Ball, location: 7LMF
0-1: Foul Ball, location: 23FF
0-2: Strikes out swinging
Bottom of the 6th over - 0 runs, 1 hit, 0 errors, 1 left on base; Fresno 0 - Tacoma 7
TOP OF THE 7TH
Fresno Grizzlies batting - Pitching for Tacoma Rainiers : RHP Felix Caraveo
Batting: RHB Del Bannerman 0-0: Called Strike
0-1: Swinging Strike
0-2: Foul Ball, location: 2F
0-2: Strikes out swinging
Batting: SHB Aaron Bussell 0-0: Ball
1-0: Ball
2-0: Foul Ball, location: 2F
2-1: Called Strike
2-2: Strikes out swinging
Batting: RHB Justin Haug 0-0: Fly out, F8 (Flyball, 8RXD, EV 98.1 MPH)
Top of the 7th over - 0 runs, 0 hits, 0 errors, 0 left on base; Fresno 0 - Tacoma 7
BOTTOM OF THE 7TH
Tacoma Rainiers batting - Pitching for Fresno Grizzlies : RHP Mike Hagerman
Pinch Hitting: LHB Cesar Defazio 0-0: Ball
1-0: Called Strike
1-1: Ball
2-1: Foul Ball, location: 5FF
2-2: Ball
3-2: SINGLE (Groundball, 4MD, EV 96.3 MPH)
Pitching: RHP Jon Daugherty
Batting: LHB Sean Jensen 0-0: Called Strike
0-1: Ball
1-1: Foul Ball, location: 3FF
1-2: Foul Ball, location: 9LMFF
1-2: Grounds into double play, 6-4-3 (Groundball, 6, EV 90.0 MPH)
Batting: RHB Ron Stephenson 0-0: Ball
1-0: Ball
2-0: Called Strike
2-1: Ball
3-1: Base on Balls
Batting: RHB Danny Dominguez 0-0: Ground out 4-3 (Groundball, 34, EV 81.9 MPH)
Bottom of the 7th over - 0 runs, 1 hit, 0 errors, 1 left on base; Fresno 0 - Tacoma 7
TOP OF THE 8TH
Fresno Grizzlies batting - Pitching for Tacoma Rainiers : RHP Felix Caraveo
Now in RF: Cesar Defazio
Batting: RHB Aaron McNelley 0-0: Ball
1-0: Ball
2-0: Foul Ball, location: 2F
2-1: Foul Ball, location: 5SF
2-2: Ground out 4-3 (Groundball, 4, EV 86.3 MPH)
Batting: RHB Tony Tenesaca 0-0: Called Strike
0-1: Ball
1-1: Ball
2-1: Ball
3-1: Swinging Strike
3-2: Base on Balls
Batting: RHB Dan Shannon 0-0: Ball
1-0: DOUBLE (Flyball, 7LD, EV 108.1 MPH)
Tony Tenesaca to third
Pinch Hitting: LHB Tim Kramer 0-0: Ball
1-0: Called Strike
1-1: Called Strike
1-2: SINGLE (Groundball, 34D, EV 100.6 MPH)
Tony Tenesaca scores
Dan Shannon to third
Batting: RHB Michael Harrison 0-0: SINGLE (Line Drive, 5D, EV 104.4 MPH)
Dan Shannon scores
Tim Kramer to second
Batting: RHB Bret Payne 0-0: Called Strike
0-1: Swinging Strike
0-2: Strikes out looking
Batting: RHB Del Bannerman 0-0: Called Strike
0-1: Ball
1-1: SINGLE (Line Drive, 6M, EV 101.3 MPH)
Tim Kramer to third
Michael Harrison to second
Runner from 3rd tries for Home, SAFE, throw by CF to home
Batting: SHB Aaron Bussell 0-0: Ball
1-0: Called Strike
1-1: Called Strike
1-2: Strikes out looking
Top of the 8th over - 3 runs, 4 hits, 0 errors, 2 left on base; Fresno 3 - Tacoma 7
BOTTOM OF THE 8TH
Tacoma Rainiers batting - Pitching for Fresno Grizzlies : RHP Jon Daugherty
Now at 3B: Steve Bracken
Batting: RHB Vince Townsend 0-0: Ball
1-0: Called Strike
1-1: Ball
2-1: Foul Ball, location: 9LMF
2-2: Foul Ball, location: 7LSF
2-2: SOLO HOME RUN (Flyball, 78XD, EV 101.9 MPH), Distance : 414 ft
Batting: LHB Juan Valdez 0-0: Foul Ball, location: 23F
0-1: Foul Ball, location: 5SF
0-2: Ball
1-2: Ball
2-2: Ball
3-2: Base on Balls
Batting: LHB Ben Foster 0-0: Fly out, F9 (Flyball, 9LM, EV 93.1 MPH)
Batting: RHB Alan Burdett 0-0: Ball
1-0: SINGLE (Line Drive, 7S, EV 85.6 MPH)
Juan Valdez to second
Batting: LHB Matt Hicks 0-0: Grounds into double play, 4-6-3 (Groundball, 34, EV 110.6 MPH)
Bottom of the 8th over - 1 run, 2 hits, 0 errors, 1 left on base; Fresno 3 - Tacoma 8
TOP OF THE 9TH
Fresno Grizzlies batting - Pitching for Tacoma Rainiers : RHP Felix Caraveo
Batting: RHB Justin Haug 0-0: Ball
1-0: Ball
2-0: Called Strike
2-1: Foul Ball, location: 2F
2-2: SINGLE (Flyball, 8RS, EV 93.8 MPH)
Pitching: RHP Carlos Vasquez
Batting: RHB Aaron McNelley 0-0: Ball
1-0: Ball
2-0: Foul Ball, location: 2F
2-1: Ball
3-1: Foul Ball, location: 25FF
3-2: Foul Ball, location: 2F
3-2: 2-RUN HOME RUN (Line Drive, 78XD, EV 106.3 MPH), Distance : 418 ft
Batting: RHB Tony Tenesaca 0-0: Called Strike
0-1: Swinging Strike
0-2: Foul Ball, location: 9LMF
0-2: Ball
1-2: Ball
2-2: Strikes out swinging
Pinch Hitting: LHB Mike Palmer 0-0: Ball
1-0: Ground out 4-3 (Groundball, 34, EV 101.3 MPH)
Batting: RHB Steve Bracken 0-0: Ball
1-0: SINGLE (Groundball, 6MD, EV 107.5 MPH)
Pinch Hitting: LHB Dan Brockman 0-0: Swinging Strike
0-1: Ground out 4-3 (Groundball, 4, EV 85.0 MPH)
Top of the 9th over - 2 runs, 3 hits, 0 errors, 1 left on base; Fresno 5 - Tacoma 8
Thursday, April 11th , 2024 - OOTP Baseball 24.11 Build 85